 Dungeon Crawl Stone Soup version 0.22-a0-377-g846bec1 (webtiles) character file.

1643 4thArraOfDagon the Magician (level 8, -2/52 HPs)
             Began as a Mummy Ice Elementalist on Apr 27, 2018.
             Was an Initiate of Vehumet.
             Killed by divine providence
             ... invoked by an orc priest
              (9 damage)
             ... on level 6 of the Dungeon.
             The game lasted 00:13:35 (5489 turns).

4thArraOfDagon the Magician (MuIE)                  Turns: 5489, Time: 00:13:36

Health: -2/52      AC:  6    Str: 11    XL:     8   Next: 67%
Magic:  12/26      EV: 10    Int: 16    God:    Vehumet [......]
Gold:   266        SH:  0    Dex: 17    Spells: 10/20 levels left

rFire    x . .     SeeInvis .   h - +0 trident
rCold    + + .     Gourm    .   (no shield)
rNeg     + + +     Faith    .   o - +1 ring mail "Maumulye" {+Fly rC+ Dex+4} (curse)
rPois    ∞         Spirit   .   (no helmet)
rElec    .         Reflect  .   (no cloak)
rCorr    .         Harm     .   k - -1 pair of gloves
MR       ++...                  (no boots)
Stlth    +.........             (no amulet)
HPRegen  0.17/turn              d - ring of magical power
MPRegen  0.20/turn              j - ring of protection from magic

@: very slightly contaminated
A: no food or potions, fire vulnerability, cold resistance 1, negative energy
resistance 3, torment resistance, unbreathing
a: Renounce Religion, Evoke Flight


You were on level 6 of the Dungeon.
You worshipped Vehumet.
Vehumet was noncommittal.
You were not hungry.

You visited 1 branch of the dungeon, and saw 6 of its levels.

You collected 266 gold pieces.

Inventory:

Hand Weapons
 b - a +0 short sword
 h - a +0 trident (weapon)
Armour
 a - a +0 robe
 k - a -1 pair of gloves (worn)
 l - a +0 leather armour
 m - a +3 ring mail
 o - the cursed +1 ring mail "Maumulye" (worn) {+Fly rC+ Dex+4}
   (You found it on level 4 of the Dungeon)

   It affects your dexterity (+4).
   It protects you from cold.
   It lets you fly.
   It has a curse placed upon it.
Jewellery
 d - a ring of magical power (left hand)
 e - an uncursed ring of resist corrosion
 i - a +4 ring of strength {unknown}
 j - a ring of protection from magic (right hand)
 r - a cursed -5 ring of protection {unknown}
Wands
 f - a wand of paralysis (17)
 n - a wand of digging (9)
Scrolls
 c - 2 scrolls of amnesia
 g - a scroll of immolation
 p - a scroll of teleportation
 q - a scroll of enchant weapon


   Skills:
 - Level 1.5 Dodging
 - Level 1.5 Stealth
 + Level 6.5 Spellcasting
 * Level 5.6 Conjurations
 * Level 6.4 Ice Magic


You had 10 spell levels left.
You knew the following spells:

 Your Spells              Type           Power        Failure   Level  Hunger
a - Freeze                Ice            ####         2%          1    N/A
b - Throw Frost           Conj/Ice       ###...       4%          2    N/A
c - Ozocubu's Armour      Chrm/Ice       ###.....     26%         3    N/A
d - Throw Icicle          Conj/Ice       ###.....     26%         4    N/A

Dungeon Overview and Level Annotations

Branches:
Dungeon (6/15)
 Temple: D:4-7

Altars:
Kikubaaqudgha
Ru
Vehumet


Innate Abilities, Weirdness & Mutations

You do not eat or drink.
Your flesh is vulnerable to fire.
You are immune to poison.
Your flesh is cold resistant. (rC+)
You are immune to negative energy. (rN+++)
You are immune to unholy pain and torment.
You can survive without breathing.


Message History

Aim: an orc, wielding a flail and wearing a leather armour You freeze the orc.
You kill the orc!
Vehumet accepts your kill.
Casting: Freeze (safe; 2% risk of failure)
Confirm with . or Enter, or press ? or * to list all spells.
You can't see any susceptible monsters within range! (Use Z to cast anyway.) Unknown command.
An orc priest and a centaur come into view.
An ice beast comes into view.
Things that are here:
a flail; a leather armour The centaur shouts!
The orc priest shouts!
The centaur wields a shortbow.
The centaur shoots an arrow.
The arrow hits you.
* * * LOW HITPOINT WARNING * * *
The centaur shoots an arrow.
The arrow hits you.
* * * LOW HITPOINT WARNING * * *
The orc priest calls down the wrath of Beogh upon you.
Beogh smites you!
You die...

... # .#.. .##...
....###+#.#...#
### #..c..........
.... #...<......##
.....#............
................##
#. ####††....Y....
#.#
#..@).....o....
#.#
#.##........... #.
#.#
#.#########..##
#.### #.# #†# ..'
..... #.# #.# #
.....##.####.#
.............#
........#######
........# .....


You could see an ice beast (wandering), a centaur and an orc priest.

Vanquished Creatures
  Grinder (D:5)
  The ghost of zero the Grave Robber, an amateur GnNe of Cheibriados (D:5)
  Eustachio (D:4)
  The ghost of Zgarb the Sneak, an amateur SpEn (D:4)
  An ogre (D:5)
  An ice beast (D:4)
  A centaur (D:5)
  A bullfrog (D:6)
  3 scorpions
  2 howler monkeys (D:4)
  A crimson imp (D:5)
  2 orc priests (D:3)
  A bullfrog skeleton (D:4)
  A hound (D:6)
  7 worker ants
  A hound zombie (D:5)
  A worker ant zombie (D:5)
  A howler monkey zombie (D:6)
  5 adders
  An ooze (D:1)
  An adder skeleton (D:5)
  2 worms
  2 dart slugs
  A leopard gecko (D:4)
  5 orcs
  8 bats
  4 giant cockroaches
  6 goblins
  11 hobgoblins
  4 jackals (D:6)
  5 kobolds
  2 quokkas
  A ball python (D:5)
  3 frilled lizards
  3 rats (D:2)
92 creatures vanquished.

Notes
Turn   | Place    | Note
-------+----------+-------------------------------------------
     0 | D:1      | 4thArraOfDagon the Mummy Ice Elementalist began the quest for the Orb.
     0 | D:1      | Reached XP level 1. HP: 13/13 MP: 4/4
   274 | D:1      | Reached XP level 2. HP: 19/19 MP: 0/6
   557 | D:2      | Learned a level 2 spell: Throw Frost
   620 | D:2      | Reached skill level 1 in Conjurations
   628 | D:2      | Reached XP level 3. HP: 10/24 MP: 3/7
   715 | D:2      | Learned a level 3 spell: Ozocubu's Armour
  1078 | D:3      | Reached XP level 4. HP: 8/30 MP: 8/9
  1562 | D:4      | Reached XP level 5. HP: 27/35 MP: 9/10
  1625 | D:4      | Noticed Eustachio
  1628 | D:4      | Found a sacrificial altar of Ru.
  1660 | D:5      | Entered Level 5 of the Dungeon
  1660 | D:5      | Noticed Grinder
  1814 | D:4      | Learned a level 4 spell: Throw Icicle
  1841 | D:5      | Paralysed by Grinder for 6 turns
  1915 | D:4      | Found a radiant altar of Vehumet.
  1923 | D:4      | Became a worshipper of Vehumet
  3428 | D:4      | Noticed Zgarb's ghost (amateur SpEn)
  3433 | D:4      | :O
  3443 | D:4      | Killed Zgarb's ghost
  3443 | D:4      | Reached XP level 6. HP: 28/41 MP: 11/12
  3504 | D:4      | Found an ancient bone altar of Kikubaaqudgha.
  3640 | D:4      | Reached XP level 7. HP: 38/46 MP: 11/14
  4043 | D:4      | Killed Eustachio
  4043 | D:4      | Reached skill level 5 in Spellcasting
  4043 | D:4      | Reached skill level 5 in Ice Magic
  4090 | D:4      | Got an encrusted ring mail
  4094 | D:4      | Identified the cursed +1 ring mail "Maumulye" {+Fly rC+ Dex+4} (You found it on level 4 of the Dungeon)
  4223 | D:5      | Killed Grinder
  4327 | D:5      | Noticed zero's ghost (amateur GnNe)
  4368 | D:4      | Reached XP level 8. HP: 25/52 MP: 1/16
  4648 | D:5      | zero: LOL
  5017 | D:5      | Killed zero's ghost
  5063 | D:5      | 4thArraOfDagon: rip bud :(
  5067 | D:5      | Reached skill level 5 in Conjurations
  5489 | D:6      | Killed from afar by an orc priest

Vault maps used:
D:1:      minmay_arrival_stair_chambers, minmay_tree_intersection
D:2:      serial_forest, infiniplex_forest_pool, infiniplex_forest_lined_room_2,
          infiniplex_forest_end_1, infiniplex_forest_join,
          infiniplex_forest_side_room, infiniplex_forest_end_3,
          infiniplex_forest_straight_2, serial_bayou_lagoon_a,
          hangedman_decor_points
D:3:      minmay_misc_feat_encased
D:4:      nicolae_ru_the_path_less_chosen, kennysheep_mini_moat,
          lemuel_crystal_altar, uniq_eustachio
D:5:      nicolae_overflow_hidden_temple, first_ration, grunt_tough_drop,
          uniq_grinder
D:6:      lemuel_coloured_pillars_altar, uniq_menkaure

Skill      XL: |  1  2  3  4  5  6  7  8 |
---------------+-------------------------+-----
Spellcasting   | 3 4 5 6 |  6.5
Ice Magic      | 3 4 5 6 |  6.4
Conjurations   | 1 2 3 4 5 |  5.6
Dodging        | |  1.5
Stealth        | |  1.5

Action                   |  1- 3 |  4- 6 |  7- 9 || total
-------------------------+-------+-------+-------++-------
Melee: Short sword       |    18 |       |       ||    18
       Trident           |       |     6 |    69 ||    75
 Cast: Freeze            |    53 |    82 |    72 ||   207
       Throw Frost       |     8 |     9 |     4 ||    21
       Ozocubu's Armour  |       |     2 |       ||     2
       Throw Icicle      |       |       |     8 ||     8
Evoke: Wand              |       |       |    15 ||    15
  Use: Scroll            |     3 |     4 |     3 ||    10
Armor: Robe              |     7 |       |       ||     7
       Leather armour    |       |    15 |       ||    15
       Ring mail         |       |     3 |    82 ||    85
Dodge: Dodged            |    34 |    38 |   100 ||   172

Table legend:
 A = Spawn XP
 B = Non-spawn XP
 C = Spawn XP percentage of total XP
 D = Spawn monster count
 E = Non-spawn monster count
 F = Spawn count percentage of total count
 G = Total turns spent on level
                    A         B        C        D         E        F      G
               +---------+---------+-------+---------+---------+-------+---------
         Total |       0 |    2348 |   0.0 |       0 |      92 |   0.0 |  5489
               +---------+---------+-------+---------+---------+-------+---------
           D:1 |       0 |      29 |   0.0 |       0 |      12 |   0.0 |   732
           D:2 |       0 |      56 |   0.0 |       0 |      24 |   0.0 |  1284
           D:3 |       0 |     125 |   0.0 |       0 |      15 |   0.0 |   943
           D:4 |       0 |     876 |   0.0 |       0 |      18 |   0.0 |  1836
           D:5 |       0 |    1009 |   0.0 |       0 |      12 |   0.0 |   471
           D:6 |       0 |     253 |   0.0 |       0 |      11 |   0.0 |   223
               +---------+---------+-------+---------+---------+-------+---------
